 Dungeon Crawl Stone Soup version 0.30-a0-34-gbe8da3892a (webtiles) character file.

Game seed: 6876052327527629661

760 Pooter the Shooter (level 7, -5/90 HPs)
             Began as a Minotaur Hunter on Aug 27, 2022.
             Was a Priest of Trog.
             Slain by an ogre
             ... wielding a +0 giant spiked club
              (21 damage)
             ... on level 6 of the Dungeon.
             The game lasted 00:28:37 (5515 turns).

Pooter the Shooter (Minotaur Hunter)                Turns: 5515, Time: 00:28:37

Health: -5/90      AC:  9    Str: 17    XL:     7   Next: 50%
Magic:  6/6        EV:  7    Int:  6    God:    Trog [***...]
Gold:   57         SH:  0    Dex: 14    Spells: 6/6 levels left

rFire   . . .      SeeInvis .    a - +0 war axe (vorpal)
rCold   . . .      Faith    .    (no shield)
rNeg    . . .      Spirit   .    n - +0 chain mail
rPois   .          Reflect  .    (helmet restricted)
rElec   .          Harm     .    h - +0 cloak
rCorr   .          Rampage  .    (no gloves)
Will    .....                    (no boots)
Stlth   ..........               (no amulet)
HPRegen 0.25/turn                (no ring)
MPRegen 0.10/turn                (no ring)

@: berserking, studying Polearms, very quick
A: horns 2, retaliatory headbutt
a: Renounce Religion, Berserk, Trog's Hand


You were on level 6 of the Dungeon.
You worshipped Trog.
Trog was most pleased with you.
You visited 2 branches of the dungeon, and saw 7 of its levels.
You also visited: Sewer.

You collected 354 gold pieces.
You spent 297 gold pieces at shops.

Inventory:

Hand Weapons
 a - a +0 vorpal war axe (weapon)
   (You found it on level 1 of the Dungeon)
 b - a +0 shortbow
Missiles
 c - 8 poisoned darts (quivered)
 p - 4 javelins
 y - 5 boomerangs
 Q - 45 stones
Armour
 h - a +0 cloak (worn)
   (You found it on level 2 of the Dungeon)
 n - a +0 chain mail (worn)
   (You found it on level 2 of the Dungeon)
Jewellery
 z - a ring of magical power
   (You found it on level 2 of the Dungeon)
 F - a ring of fire
   (You found it on level 5 of the Dungeon)
Wands
 u - a wand of paralysis (9)
   (You found it on level 4 of the Dungeon)
 A - a wand of mindburst (12)
   (You found it on level 5 of the Dungeon)
Scrolls
 d - 3 scrolls of immolation {!r}
 j - 2 scrolls of vulnerability {!r}
 k - a scroll of blinking
 m - 2 scrolls of torment {!r}
 o - 3 scrolls of poison {!r}
 q - a scroll of magic mapping {unknown}
 t - 3 scrolls of teleportation {@r4}
 v - 2 scrolls of amnesia {unknown}
 w - 4 scrolls of fear
 B - a scroll of fog {unknown}
 C - a scroll of enchant armour
 E - 2 scrolls of enchant weapon {unknown}
Potions
 e - 2 potions of degeneration {unknown}
 f - 2 potions of invisibility
 g - 3 potions of haste {@q3}
 l - a potion of attraction {unknown}
 r - a potion of magic {unknown}
 x - 3 potions of curing {@q1}
 D - a potion of flight {unknown}


   Skills:
 + Level 4.9 Fighting
 * Level 5.4 Axes
 * Level 7.3 Ranged Weapons
 - Level 2.1 Dodging
 - Level 0.7 Stealth
 + Level 2.0 Evocations


You had 6 spell levels left.
You didn't know any spells.
Your spell library was empty.

Dungeon Overview and Level Annotations

Branches:
Dungeon (6/15)             Temple (1/1) D:4           Sewer (visited)

Altars:
Ashenzari
Dithmenos
Fedhas
Gozag
Kikubaaqudgha
Nemelex Xobeh
Okawaru
Ru
Sif Muna
Trog
Xom
The Shining One

Shops:
D:1 *   D:6 ?

Annotations:
D:6 3 runed translucent doors, siradein's ghost, novice HOFi


Innate Abilities, Weirdness & Mutations

You have a pair of horns on your head.
You reflexively headbutt those who attack you in melee.


Message History

Found a leather armour.
There is an open door here.
A necrophage comes into view.
You shoot an arrow. The arrow hits the necrophage!
You shoot an arrow. The arrow hits the necrophage.
a - a +0 vorpal war axe (weapon)
You barely miss the necrophage. You headbutt the necrophage!
The necrophage hits you but does no damage.
The necrophage hits you.
You slash the necrophage!
You destroy the necrophage!
Trog accepts your kill.
Your Evocations skill increases to level 2!
Found 7 gold pieces and a cloak.
You now have 14 gold pieces (gained 7).
b - a +0 shortbow (weapon)
There is an open door here.
There is a fountain of clear blue water here.
You see here a +0 cloak.
You open the door.
There is an open door here.
Found a stone staircase leading down.
There is a stone staircase leading down here.
Found 6 gold pieces.
Found 9 gold pieces.
You now have 20 gold pieces (gained 6).
Found 17 gold pieces.
You now have 29 gold pieces (gained 9).
You now have enough gold to buy a scroll of teleportation on this level, buy a scroll of poison on this level, or buy a scroll of immolation on this level.
You now have 46 gold pieces (gained 17).
Found 11 gold pieces.
Found an escape hatch in the floor.
You now have 57 gold pieces (gained 11).
An ogre comes into view. It is wielding a +0 giant spiked club.
The ogre shouts!
You shoot an arrow. The arrow hits the ogre.
You shoot an arrow. The arrow closely misses the ogre.
You shoot an arrow. The arrow hits the ogre!
A scorpion comes into view.
a - a +0 vorpal war axe (weapon)
You barely miss the ogre.
The ogre hits you with a +0 giant spiked club!
You barely miss the ogre.
The ogre hits you with a +0 giant spiked club!!
Ouch! That really hurt!
* * * LOW HITPOINT WARNING * * *
A red film seems to cover your vision as you go berserk!
You feel yourself moving faster!
You feel mighty!
The ogre hits you with a +0 giant spiked club!!
You die...

#... ..... #8$.
.....##############
#..$
.......##........#
##.8
........##........#
###
...#....##........#
#.#.s..##........#
#....O.##........# #
#....@##........# #
#.....##........### #
#......#..........####
#.>...............##..
#.................##..
#.................##..
#.....................
#..............####...
####....######## #...


You could see an ogre and a scorpion.

Vanquished Creatures
  Eustachio (D:4)
  A water moccasin (D:5)
  An ogre (D:5)
  A necrophage (D:6)
  A howler monkey (D:4)
  A hound (D:5)
  An orc priest (D:4)
  11 adders
  A gnoll (D:1)
  3 river rats (Sewer)
  2 worms
  3 dart slugs
  6 orcs
  10 ball pythons
  11 endoplasms
  5 giant cockroaches
  8 goblins
  3 hobgoblins
  11 jackals
  8 kobolds
  6 quokkas
  15 bats
  10 frilled lizards
  10 rats
130 creatures vanquished.

Notes
Turn   | Place    | Note
-------+----------+-------------------------------------------
     0 | D:1      | Pooter the Minotaur Hunter began the quest for the Orb.
     0 | D:1      | Reached XP level 1. HP: 18/18 MP: 0/0
    51 | D:1      | Reached XP level 2. HP: 25/25 MP: 1/1
   181 | D:1      | Reached skill level 5 in Ranged Weapons
   217 | D:1      | Reached XP level 3. HP: 31/31 MP: 2/2
   424 | D:1      | Found Xuheleut's Assorted Antiques.
   443 | D:1      | Bought a scroll labelled FIZ TUCOPUSEET for 25 gold pieces
   545 | D:1      | Found a faded altar of an unknown god.
   667 | D:2      | You fall into a shaft and drop 2 floors!
   669 | D:4      | Found a staircase to the Ecumenical Temple.
   678 | Temple   | Entered the Ecumenical Temple
   686 | Temple   | Became a worshipper of Trog the Wrathful
   731 | D:4      | Reached skill level 1 in Axes
   861 | D:3      | Reached XP level 4. HP: 33/38 MP: 3/3
  1148 | D:3      | Found a glowing golden altar of the Shining One.
  1209 | D:3      | Reached * piety under Trog
  1609 | D:2      | Reached XP level 5. HP: 44/46 MP: 4/4
  1693 | D:1      | Bought a scroll labelled MILEALU OCIXZE for 25 gold pieces
  1693 | D:1      | Bought a dark potion for 22 gold pieces
  1693 | D:1      | Bought a fizzy sapphire potion for 22 gold pieces
  1693 | D:1      | Bought a dark potion for 22 gold pieces
  1801 | D:2      | Reached ** piety under Trog
  2541 | D:4      | Upgraded the game from 0.30-a0-29-g142975f185 to
                  | 0.30-a0-34-gbe8da3892a
  2548 | D:4      | Reached skill level 6 in Ranged Weapons
  2728 | D:4      | Noticed Eustachio
  2739 | D:4      | Killed Eustachio
  2740 | D:4      | Reached XP level 6. HP: 52/52 MP: 5/5
  2819 | D:4      | Reached skill level 1 in Evocations
  2944 | D:4      | Found a shimmering blue altar of Sif Muna.
  3217 | D:5      | Entered Level 5 of the Dungeon
  3289 | D:5      | Noticed a water moccasin
  3298 | D:5      | Killed a water moccasin
  3408 | D:5      | Reached XP level 7. HP: 60/60 MP: 6/6
  3482 | D:5      | Reached skill level 7 in Ranged Weapons
  3528 | D:5      | Found a glowing drain.
  3533 | Sewer    | Entered a sewer
  3566 | Sewer    | Reached skill level 5 in Axes
  3962 | Sewer    | Reached *** piety under Trog
  5271 | D:6      | Found Joixon's Magic Scroll Shop.
  5277 | D:6      | Bought a scroll of brand weapon for 104 gold pieces
  5277 | D:6      | Bought a scroll of teleportation for 33 gold pieces
  5277 | D:6      | Bought a scroll of identify for 22 gold pieces
  5277 | D:6      | Bought a scroll of identify for 22 gold pieces
  5356 | D:6      | Found a runed translucent gate.
  5359 | D:6      | Found a runed translucent gate.
  5359 | D:6      | Found a runed translucent gate.
  5359 | D:6      | Found an opulent altar of Gozag.
  5360 | D:6      | Noticed siradein's ghost (novice HOFi)
  5360 | D:6      | Noticed a troll
  5515 | D:6      | Slain by an ogre

Illustrated notes

Levels and vault maps discovered:
D:1:      pf_arrival_petrified_forest, layout_rooms,
          shapermc_ecumenical_altar_hornbeckon, serial_shops,
          nicolae_shop_waterfront, st_stairs_3
D:2:      layout_basic, grunt_ministairs_1, st_stairs_2
D:3:      layout_loops_ring, nicolae_tso_carved_into_rock,
          corexii_item_surrounded_by_moat
D:4:      layout_basic, mainiacjoe_overflow_alcove_2,
          minmay_temple_entry_butterflies, hangedman_abyss_or_decor_lesser_grid,
          minmay_unequal, uniq_eustachio
D:5:      layout_layer_cave, portal_sewer_entry_e, hangedman_decor_riveting
D:6:      layout_basic, mainiacjoe_overflow_large_starburst,
          lemuel_crystal_altar, serial_shops, shop, ebering_ghost_gozag,
          minmay_fountain_box, chequers_serial_rivers_micro_b,
          minmay_misc_feat_five, minmay_manual_mail
Temple:   nicolae_temple_two_arcs

Skill      XL: |  1  2  3  4  5  6  7 |
---------------+----------------------+-----
Fighting       | 3 4 |  4.9
Ranged Weapons | 5 6 7 |  7.3
Axes           | 1 2 3 4 5 |  5.4
Evocations     | 1 2 |  2.0
Dodging        | |  2.1
Stealth        | |  0.7

Action                   |  1- 3 |  4- 6 |  7- 9 || total
-------------------------+-------+-------+-------++-------
Melee: Dagger            |     2 |       |       ||     2
       Headbutt          |     3 |    14 |     8 ||    25
       War axe           |     8 |    82 |    50 ||   140
       Punch             |       |     1 |     1 ||     2
 Fire: Shortbow          |    74 |   111 |    26 ||   211
Throw: Dart              |     3 |       |     3 ||     6
Invok: Berserk           |       |     2 |     1 ||     3
       Trog's Hand       |       |       |     1 ||     1
Evoke: Wand              |       |     1 |       ||     1
  Use: Scroll            |     1 |     4 |     6 ||    11
 Stab: Paralysed         |       |     6 |       ||     6
Armor: Leather armour    |     7 |       |       ||     7
       Ring mail         |     7 |     5 |       ||    12
       Chain mail        |       |    75 |    26 ||   101
Dodge: Dodged            |    25 |    75 |    20 ||   120

Table legend: (Time is in decaauts)
 A = Elapsed time spent in this place.
 B = Non-inter-level travel time spent in this place.
 C = Inter-level travel time spent in this place.
 D = Time resting spent in this place.
 E = Time spent auto-exploring this place.
 F = Levels seen in this place.
 G = Mean time per level.
                   A        B        C        D        E       F      G
               +--------+--------+--------+--------+--------+-----+--------+
         Total |   5709 |   5523 |    186 |    753 |   3253 |   8 |  713.6 |
       Dungeon |   4922 |   4736 |    186 |    570 |   2860 |   6 |  820.3 |
        Temple |     16 |     16 |      0 |      0 |      0 |   1 |   16.0 |
         Sewer |    770 |    770 |      0 |    183 |    393 |   1 |  770.0 |
               +--------+--------+--------+--------+--------+-----+--------+

Top non-repeatable levels by time:
     D:5: 1201 daAuts
     D:3: 904 daAuts
     D:4: 850 daAuts
     D:2: 808 daAuts
   Sewer: 770 daAuts
     D:1: 738 daAuts
     D:6: 420 daAuts
  Temple: 16 daAuts
